 Dungeon Sprint DCSS version 0.31-a0-835-g2a3a5bc3be (webtiles) character file.

Game seed: 16694920126895299957

788 Conn the Arsonist (level 7, -6/44 HPs)
             Began as an Octopode Fire Elementalist on Sept 26, 2023.
             Was a High Priest of Sif Muna.
             Mangled by a minotaur (17 damage)
             ... in the Dungeon (Sprint VII: "The Pits").
             The game lasted 00:06:46 (838 turns).

Conn the Arsonist (Octopode Fire Elementalist)       Turns: 838, Time: 00:06:46

Health: -6/44      AC:  1    Str:  7    XL:     7   Next: 87%
Magic:  8/17       EV: 14    Int: 20    God:    Sif Muna [*****.]
Gold:   0          SH:  0    Dex: 12    Spells: 9/19 levels left

rFire   . . .        l - +2 mace (protect)
rCold   . . .        (no shield)
rNeg    . . .        (helmet restricted)
rPois   .            (no amulet)
rElec   .            (no ring)
rCorr   .            (no ring)
SInv    .            (no ring)
Will    .....        (no ring)
Stlth   ++++         (no ring)
HPRegen 0.27/turn    (no ring)
MPRegen 0.15/turn    (no ring)
                     (no ring)

%: no teleportation
@: no status effects
A: almost no armour, amphibious, 8 rings, camouflage 1, gelatinous body 1,
(nimble swimmer 1), tentacles
a: Renounce Religion, Channel Magic, Forget Spell, Divine Exegesis


You were in the Dungeon.
You worshipped Sif Muna.
Sif Muna was extremely pleased with you.
You visited 1 branch

Inventory:

Hand Weapons
 g - a +2 falchion
 l - a +2 mace of protection (weapon)
Scrolls
 f - a scroll of blinking
 i - 2 scrolls of vulnerability
 j - 5 scrolls of amnesia
 k - a scroll of butterflies
Potions
 a - 5 potions of magic
 b - 5 potions of curing
 c - 5 potions of heal wounds
 d - a potion of haste
 e - 2 potions of berserk rage
 h - 2 potions of invisibility


   Skills:
 + Level 1.7 Fighting
 + Level 4.1 Long Blades
 + Level 4.7 Dodging
 + Level 5.6 Stealth
 + Level 6.6 Spellcasting
 * Level 6.5 Conjurations
 + Level 1.2 Hexes
 + Level 9.9 Fire Magic
 * Level 7.2 Invocations


You had 9 spell levels left.
You knew the following spells:

 Your Spells              Type           Power      Damage    Failure   Level
a - Foxfire               Conj/Fire      100%       2x1d9     1%          1
b - Scorch                Fire           92%        2d8       1%          2
c - Inner Flame           Hex/Fire       29%        N/A       3%          3
d - Flame Wave            Conj/Fire      39%        2d11      3%          4

Your spell library contained the following spells:

 Spells                   Type           Power      Damage    Failure   Level
 Magic Dart               Conj           100%       1d8       1%          1
 Volatile Blastmotes      Fire/Tloc      52%        2d14      3%          3
 Sticky Flame             Conj/Fire      39%        2d6       3%          4
 Starburst                Conj/Fire      19%        6d7       45%         6
 Plasma Beam              Fire/Air       13%        2x1d24    89%         6
 Conjure Ball Lightning   Conj/Air       9%         3x3d6     98%         6


Dungeon Overview and Level Annotations

Branches:
Dungeon (1/1)

Altars:
Ashenzari
Cheibriados
Dithmenos
Elyvilon
Fedhas
Gozag
Hepliaklqana
Kikubaaqudgha
Makhleb
Nemelex Xobeh
Okawaru
Qazlal
Ru
Sif Muna
Trog
Uskayaw
Vehumet
Wu Jian
Xom
Yredelemnul
Zin
The Shining One
Jiyva
Lugonu


Innate Abilities, Weirdness & Mutations

You cannot wear most types of armour.
You are amphibious.
You can wear up to eight rings at the same time.
Your skin changes colour to match your surroundings (Stealth+).
Your rubbery body absorbs attacks. (AC +1, EV +1)
((You are camouflaged when in or above water. (Stealth+)))
You have tentacles for arms and can constrict up to eight enemies at once.


Message History

Okay, then.
Unknown command.
Unknown command.
Throw: dart (curare)
Press: ? - help, Q - select action, (/) - cycle Shift-Dir - straight line, f - minotaur
Aim: a minotaur, wearing a +0 chain mail and quivering silver javelins (65% to hit)
You throw a curare-tipped dart.
The curare-tipped dart hits the minotaur.
The minotaur is poisoned.
The minotaur convulses.
The minotaur seems to slow down.
The minotaur is lightly wounded.
Unknown command.
Unknown command.
Unknown command.
Unknown command.
Unknown command.
Casting: Foxfire (safe; 1% risk of failure)
Confirm with . or Enter, or press ? or * to list all spells.
Aiming: Inner Flame (dangerous; 3% risk of failure)
Press: ? - help, Dir - move target, f/p - minotaur
Aim: a minotaur, wearing a +0 chain mail and quivering silver javelins (lightly wounded, very poisoned, slow, chance to affect: 20%)
The minotaur resists with almost no effort.
Casting: Inner Flame (dangerous; 3% risk of failure)
Confirm with . or Enter, or press ? or * to list all spells.
Flames lash the minotaur.
The minotaur is lightly wounded.
The minotaur's fire resistance burns away.
Casting: Scorch (safe; 1% risk of failure)
Confirm with . or Enter, or press ? or * to list all spells.
Casting: Flame Wave (dangerous; 3% risk of failure)
Press: ? - help, Dir - look around, f - activate A wave of flame ripples out!
The flame wave engulfs the minotaur.
The minotaur is burned terribly!
The minotaur is lightly wounded. (Press . to intensify the flame waves.)
The minotaur is engulfed in blazing flames.
The minotaur hits you!
* * * LOW HITPOINT WARNING * * *
The minotaur gores you!
You die...

#.####'##'###...<...#
#.#........##.......#
#.#........##.......#
#'###########.......#
#.......#..##########
#...)...#†######
#...#÷..#.#....#
#..###..#)#yy..#
#...#..@#.'ly..+
#......H#†#
#......☼y.#
###########


You could see a minotaur (very poisoned, slow, combustible) and a killer bee.

Vanquished Creatures
  A fire bat (D)
  A warg (D)
  Menkaure (D)
  A sky beast (D)
  2 kobold brigands (D)
  A scorpion (D)
  2 killer bees (D)
  A hell rat (D)
  A gnoll (D)
  2 ufetubi (D)
  A worm (D)
  An orc (D)
  A ball python (D)
  A bat skeleton (D)
  A giant cockroach (D)
  2 jackals (D)
  A frilled lizard (D)
  A quokka zombie (D)
  2 rats (D)
24 creatures vanquished.

Vanquished Creatures (others)
  46 foxfires (D)
46 creatures vanquished.

Grand Total: 70 creatures vanquished

Notes
Turn   | Place    | Note
-------+----------+-------------------------------------------
     0 | D        | Conn the Octopode Fire Elementalist began the quest for the
                  | Orb.
     0 | D        | Reached XP level 1. HP: 11/11 MP: 3/3
    11 | D        | Reached skill level 4 in Fire Magic
    54 | D        | Found a bloodstained altar of Trog.
    54 | D        | Found a shimmering blue altar of Sif Muna.
    54 | D        | Found a viscous altar of Jiyva.
    54 | D        | Found a hazy altar of Hepliaklqana.
    54 | D        | Found an opulent altar of Gozag.
    55 | D        | Found a glowing golden altar of the Shining One.
    55 | D        | Found a glowing silver altar of Zin.
    55 | D        | Found a basalt altar of Yredelemnul.
    55 | D        | Found a shimmering altar of Xom.
    55 | D        | Found an ornate altar of the Wu Jian Council.
    55 | D        | Found a sacrificial altar of Ru.
    55 | D        | Found a stormy altar of Qazlal.
    55 | D        | Found an iron altar of Okawaru.
    55 | D        | Found a sparkling altar of Nemelex Xobeh.
    55 | D        | Found a burning altar of Makhleb.
    55 | D        | Found a blossoming altar of Fedhas.
    55 | D        | Found a white marble altar of Elyvilon.
    55 | D        | Found a shadowy altar of Dithmenos.
    55 | D        | Found a snail-covered altar of Cheibriados.
    56 | D        | Found a radiant altar of Vehumet.
    56 | D        | Found a corrupted altar of Lugonu.
    57 | D        | Found an ancient bone altar of Kikubaaqudgha.
    57 | D        | Found a hide-covered altar of Uskayaw.
    57 | D        | Found a broken altar of Ashenzari.
    58 | D        | Became a worshipper of Sif Muna the Loreminder
    92 | D        | Reached XP level 2. HP: 17/17 MP: 0/5
   152 | D        | Learned a level 2 spell: Scorch
   154 | D        | Reached * piety under Sif Muna
   167 | D        | Noticed a sky beast
   171 | D        | Reached ** piety under Sif Muna
   281 | D        | Killed a sky beast
   282 | D        | Reached skill level 1 in Long Blades
   282 | D        | Reached skill level 6 in Fire Magic
   282 | D        | Reached XP level 3. HP: 21/21 MP: 6/8
   282 | D        | Reached XP level 4. HP: 27/27 MP: 6/9
   340 | D        | Learned a level 3 spell: Inner Flame
   345 | D        | Learned a level 4 spell: Flame Wave
   349 | D        | Noticed a fire bat
   362 | D        | Killed a fire bat
   362 | D        | Reached *** piety under Sif Muna
   363 | D        | Reached skill level 1 in Fighting
   363 | D        | Reached skill level 7 in Fire Magic
   363 | D        | Reached XP level 5. HP: 11/33 MP: 7/11
   363 | D        | Reached XP level 6. HP: 13/38 MP: 7/12
   475 | D        | Reached skill level 5 in Stealth
   475 | D        | Reached skill level 5 in Conjurations
   475 | D        | Reached skill level 8 in Fire Magic
   475 | D        | Reached skill level 5 in Invocations
   486 | D        | Reached **** piety under Sif Muna
   621 | D        | Noticed a warg
   628 | D        | Killed a warg
   629 | D        | Reached skill level 5 in Spellcasting
   629 | D        | Reached XP level 7. HP: 43/43 MP: 8/15
   727 | D        | Noticed Menkaure
   734 | D        | Killed Menkaure
   734 | D        | Reached ***** piety under Sif Muna
   735 | D        | Reached skill level 9 in Fire Magic
   740 | D        | Reached skill level 1 in Hexes
   824 | D        | Noticed a minotaur
   831 | D        | Identified Sif Muna's Atlas of the Dragon and Blows (Sif
                  | Muna gifted it to you in the Dungeon)
   831 | D        | Received a gift from Sif Muna
   838 | D        | Mangled by a minotaur

Illustrated notes

Levels and vault maps discovered:
D:        pitsprint [storerooms_1, entrance_room_1, metal_vault_5, armoury_3,
          mini_pit_1, grid_room_1, main_hall_1, silver_pit, the_coven_2,
          the_vestibule_1, steel_vault_3, golden_pit, hallway_of_sentries,
          crystal_vault_4, iron_vault_5, final_vault]

Skill      XL: |  1  2  3  4  5  6  7 |
---------------+----------------------+-----
Stealth        | 3 4 5 |  5.6
Fire Magic     | 4 6 7 8 9 |  9.9
Long Blades    | 1 2 3 4 |  4.1
Dodging        | 3 4 |  4.7
Spellcasting   | 3 4 5 6 |  6.6
Conjurations   | 3 4 5 6 |  6.5
Invocations    | 3 4 6 7 |  7.2
Fighting       | 1 |  1.7
Hexes          | 1 |  1.2

Action                     |  1- 3 |  4- 6 |  7- 9 || total
---------------------------+-------+-------+-------++-------
  Melee: Falchion          |    12 |     1 |       ||    13
         Constrict         |     4 |     2 |       ||     6
         Mace              |       |     6 |       ||     6
         Tentacles         |       |     3 |       ||     3
  Throw: Dart              |       |       |     1 ||     1
   Cast: Foxfire           |    12 |     8 |     9 ||    29
         Scorch            |       |     3 |     5 ||     8
         Inner Flame       |       |     3 |     5 ||     8
         Flame Wave        |       |       |     1 ||     1
 Invoke: Channel Magic     |       |       |     1 ||     1
    Use: Potion            |     1 |     1 |     1 ||     3
 Armour: Skin              |     4 |     9 |     6 ||    19
  Dodge: Dodged            |    11 |     7 |    13 ||    31

Table legend: (Time is in decaauts)
 A = Elapsed time spent in this place.
 B = Non-inter-level travel time spent in this place.
 C = Inter-level travel time spent in this place.
 D = Time resting spent in this place.
 E = Time spent auto-exploring this place.
 F = Levels seen in this place.
 G = Mean time per level.
                   A        B        C        D        E       F      G
               +--------+--------+--------+--------+--------+-----+--------+
         Total |    855 |    855 |      0 |    441 |      0 |   1 |  855.0 |
       Dungeon |    855 |    855 |      0 |    441 |      0 |   1 |  855.0 |
               +--------+--------+--------+--------+--------+-----+--------+

Top non-repeatable levels by time:
       D: 855 daAuts
